 Dungeon Crawl Stone Soup version 0.28.0-47-ge53b351184 (webtiles) character file.

Game seed: 3186356586882539775

243 Exodus22XD the Covert (level 5, -1/21 HPs)
             Began as a Felid Enchanter on May 2, 2022.
             Slain by an orc wizard
             ... wielding a +0 dagger
              (3 damage)
             ... on level 4 of the Dungeon.
             The game lasted 00:09:05 (4111 turns).

Exodus22XD the Covert (Felid Enchanter)             Turns: 4111, Time: 00:09:05

Health: -1/21      AC:  2    Str:  4    XL:     5   Next: 82%
Magic:  6/9        EV: 18    Int: 16    God:
Gold:   117        SH:  0    Dex: 25    Spells: 3/8 levels left
                                        Lives:  0   Deaths: 1

rFire   . . .      SeeInvis +     - Unarmed
rCold   . . .      Faith    +   (shield unavailable)
rNeg    . . .      Spirit   .   (armour unavailable)
rPois   .          Reflect  .   (helmet unavailable)
rElec   .          Harm     .   (cloak unavailable)
rCorr   .          Rampage  .   (gloves unavailable)
Will    .....                   (boots unavailable)
Stlth   +++++.....              k - amulet of faith
HPRegen 0.07/turn               n - +6 ring of dexterity
MPRegen 0.11/turn               (no ring)

@: quick
A: very small, claws 1, fangs 3, see invisible, speed 1, shaggy fur 2, stealthy
paws, no weapons or thrown items, no armour, multi-lived
a: no special abilities


You were on level 4 of the Dungeon.
You visited 1 branch of the dungeon, and saw 4 of its levels.

You collected 117 gold pieces.

Inventory:

Jewellery
 k - an amulet of faith (around neck)
 n - a +6 ring of dexterity (left paw)
 r - a +4 ring of slaying
 s - the ring "Viaga" {AC+4 Dex+3}
   (You found it on level 4 of the Dungeon)

   [ring of protection]

   AC:        It affects your AC (+4).
   Dex:       It affects your dexterity (+3).
Wands
 f - a wand of acid (6)
 g - a wand of paralysis (9)
Scrolls
 b - 2 scrolls of holy word {unknown}
 c - 2 scrolls of teleportation {unknown}
 i - a scroll of noise {unknown}
 j - a scroll of magic mapping {unknown}
 l - 2 scrolls of immolation {unknown}
 m - a scroll of torment {unknown}
 o - a scroll of summoning {unknown}
 p - a scroll of fog {unknown}
 q - 2 scrolls of identify {unknown}
Potions
 a - a potion of invisibility
 d - a potion of brilliance {unknown}
 e - 2 potions of heal wounds {unknown}
 h - a potion of lignification {unknown}


   Skills:
 - Level 2.6 Dodging
 - Level 10.0 Stealth
 - Level 1.0 Unarmed Combat
 - Level 2.0 Spellcasting
 + Level 6.1 Hexes


You had 3 spell levels left.
You knew the following spells:

 Your Spells              Type           Power      Damage    Failure   Level
a - Ensorcelled Hibernat  Hex/Ice        22%        N/A       9%          2
b - Confusing Touch       Hex            21%        N/A       4%          3

Your spell library contained the following spells:

 Spells                   Type           Power      Damage    Failure   Level
 Tukima's Dance           Hex            21%        N/A       4%          3
 Dazzling Flash           Conj/Hex       22%        N/A       19%         3


Dungeon Overview and Level Annotations

Branches:
Dungeon (4/15)
 Temple: D:4-7

Altars:
Fedhas

Annotations:
D:2 Terence


Innate Abilities, Weirdness & Mutations

You have sharp claws.
You have razor-sharp teeth.
You have supernaturally acute eyesight. (SInv)
You cover ground quickly. (Speed+)
You are covered in thick fur. (AC +2)
Your paws help you pounce on unaware monsters.
You are incapable of wielding weapons or throwing items.
You cannot wear armour.
You gain extra lives every three experience levels.


Message History

Confirm with . or Enter, or press ? or * to list all spells.
Aiming: Ensorcelled Hibernation (safe; 10% risk of failure)
Press: ? - help, Shift-Dir - straight line, f/p - orc priest
Aim: an orc priest, wielding a +0 short sword and wearing a +0 robe (lightly wounded, chance to affect: 44%)
The orc priest looks drowsy...
You pounce on the unaware helpless orc priest!
You eviscerate the orc priest!!!
You kill the orc priest!
Your Hexes skill increases to level 6!
The orc wizard points at you and mumbles some strange words.
The puff of flame hits you!
Things that are here:
a +0 short sword; a +0 robe You are too injured to fight recklessly!
You are too injured to fight recklessly!
You are too injured to fight recklessly!
You scratch the orc wizard.
The orc wizard is moderately wounded.
The orc wizard hits you with a +0 dagger.
* * * LOW HITPOINT WARNING * * *
You scratch the orc wizard but do no damage.
You bite the orc wizard, but do no damage.
The orc wizard is moderately wounded.
The orc wizard closely misses you.
You scratch the orc wizard.
The orc wizard is moderately wounded.
The orc wizard closely misses you.
You barely miss the orc wizard. Your bite misses the orc wizard.
The orc wizard is moderately wounded.
The orc wizard mumbles some strange words.
The orc wizard flickers and vanishes for a moment.
You scratch the orc wizard. You bite the orc wizard.
The orc wizard is severely wounded.
The orc wizard casts a spell at you. The magic dart hits you.
* * * LOW HITPOINT WARNING * * *
You scratch the orc wizard but do no damage.
The orc wizard is severely wounded.
The orc wizard hits you with a +0 dagger.
You die...

#.##[# #.#.###...... #.##.#
#.#.###......
#[##.####.#.##.......
#.##................#
#.#######.#.#....... #.#
#.#.#.###.###
#.#######.#..........
########†#..................
o.!...)...o@................
########.#.#####.#..........
#.#.# #.......≈≈§≈≈ #.#.#
#.....≈≈≈≈≈≈≈ #.#.
###.≈≈≈≈≈§≈≈≈ #...
#...≈≈≈≈≈≈≈ #..# #...≈≈≈≈≈≈≈
#. #....≈≈≈≈≈≈ #....≈≈≈≈≈.


You could see an orc wizard (invisible).

Vanquished Creatures
  Grinder (D:3)
  A necrophage (D:4)
  An orc priest (D:4)
  An iguana (D:4)
  Jessica (D:2)
  2 adders
  3 dart slugs
  An orc (D:4)
  4 ball pythons
  4 endoplasms
  4 giant cockroaches
  A goblin (D:3)
  5 hobgoblins
  4 quokkas
  3 bats
  2 frilled lizards
  3 kobolds
  6 rats
47 creatures vanquished.

Vanquished Creatures (others)
  A fungus (D:3)
1 creature vanquished.

Grand Total: 48 creatures vanquished

Notes
Turn   | Place    | Note
-------+----------+-------------------------------------------
     0 | D:1      | Exodus22XD the Felid Enchanter began the quest for the Orb.
     0 | D:1      | Reached XP level 1. HP: 7/7 MP: 4/4
   669 | D:1      | Reached XP level 2. HP: 8/11 MP: 6/6
   755 | D:1      | Reached skill level 5 in Stealth
  1623 | D:2      | Noticed Jessica
  1625 | D:2      | Killed Jessica
  1626 | D:2      | Reached skill level 6 in Stealth
  1626 | D:2      | Reached XP level 3. HP: 14/14 MP: 7/7
  1634 | D:2      | Noticed Terence
  1687 | D:2      | Learned a level 2 spell: Ensorcelled Hibernation
  1691 | D:2      | Learned a level 3 spell: Confusing Touch
  2635 | D:3      | Reached XP level 4. HP: 18/18 MP: 8/8
  2688 | D:3      | Found a faded altar of an unknown god.
  2831 | D:3      | Reached skill level 7 in Stealth
  3164 | D:3      | Found a blossoming altar of Fedhas.
  3337 | D:3      | Noticed Grinder
  3357 | D:3      | Killed Grinder
  3358 | D:3      | Reached skill level 9 in Stealth
  3358 | D:3      | Reached XP level 5. HP: 21/21 MP: 9/9
  3358 | D:3      | Gained mutation: You are covered in thick fur. (AC +2)
                  | [Felid growth]
  3358 | D:3      | Reached XP level 6. HP: 24/24 MP: 10/10
  3866 | D:4      | Reached skill level 10 in Stealth
  4003 | D:4      | Reached skill level 5 in Hexes
  4034 | D:4      | Identified the ring "Viaga" {AC+4 Dex+3}
  4093 | D:4      | Killed from afar by an orc priest
  4094 | D:4      | Reached XP level 5. HP: -12/21 MP: 1/9
  4111 | D:4      | Slain by an orc wizard

Illustrated notes

Levels and vault maps discovered:
D:1:      matt_arrival_grand_opening, layout_rooms
D:2:      layout_basic, chequers_jeans, fountainhead, hangedman_decor_growths,
          uniq_terence, uniq_jessica
D:3:      layout_basic, mainiacjoe_overflow_small_starburst,
          shapermc_ecumenical_altar_ellora, grunt_ministairs_15, uniq_grinder
D:4:      layout_loops_ring, lemuel_old_faithful

Skill      XL: |  1  2  3  4  5  6 |
---------------+-------------------+-----
Stealth        | 6 9 10 | 10.0
Hexes          | 6 5 |  6.1
Dodging        | |  2.6
Unarmed Combat | |  1.0
Spellcasting   | |  2.0

Action                   |  1- 3 |  4- 6 || total
-------------------------+-------+-------++-------
Melee: Unarmed           |    82 |    58 ||   140
       Bite              |     9 |    10 ||    19
       Punch             |     1 |     1 ||     2
 Cast: Ensorcelled Hiber |     6 |    12 ||    18
Evoke: Wand              |       |     1 ||     1
 Stab: Sleeping          |     8 |    11 ||    19
       Paralysed         |       |     3 ||     3
Armor: Skin              |     5 |     1 ||     6
Dodge: Dodged            |    64 |    30 ||    94
